Map: Pylon LE

Players

KimChiLoVer - Winner!

  • Race: Terran Terran
  • League: Diamond
  • Spawn Location: 5:00

A.I. 1 (Elite)

  • Race: Protoss Protoss
  • Spawn Location: 11:00

VOD

Have the link to the VOD?

Description

Time

  • Played on: Sept. 2, 2025, 10:05 p.m.
  • Length: 7:08
Show
View Real Time Build Order
Export as new Build Order

KimChiLoVer Terran - Winner!

Build Orders:  

Get SALT Encoding   

  12  0:00  SCV  
  13  0:13  SCV  
  14  0:17  Supply Depot  
  14  0:26  SCV  
  15  0:38  SCV  
  15  0:39  Barracks  
  16  0:45  Refinery  
  16  0:52  Refinery  
  16  0:53  SCV  
  17  1:05  SCV  
  18  1:18  SCV  
  19  1:27  Supply Depot  
  19  1:30  Orbital Command  
  19  1:31  Reaper  
  20  1:46  Factory  
  20  1:59  SCV  
  21  2:04  Barracks Reactor  
  21  2:25  Command Center  
  21  2:26  SCV  
  22  2:31  Factory Tech Lab, Starport  
  22  2:58  Marine x2  
  22  3:00  Cyclone  
  22  3:01  SCV  
  22  3:04  Supply Depot  
  28  3:10  Medivac  
  30  3:17  Marine  
  31  3:25  Marine  
  32  3:27  SCV  
  32  3:29  Supply Depot  
  32  3:32  Siege Tank  
  36  3:42  SCV  
  36  3:44  Viking  
  39  3:55  Marine x2  
  39  3:56  Orbital Command  
  41  4:03  SCV  
  41  4:07  Supply Depot  
  42  4:13  Marine x2  
  44  4:20  Siege Tank  
  47  4:24  SCV  
  47  4:31  Marine x2  
  48  4:33  Viking  
  48  4:34  Refinery  
  48  5:03  Marine x2  
  48  5:04  Siege Tank  
  52  5:21  Marine  
  52  5:26  Liberator  
  55  5:40  Marine x2  
  55  5:41  Siege Tank  
  60  6:00  Marine x2  
  62  6:06  Supply Depot  
  62  6:07  SCV  
  62  6:10  Supply Depot  
  63  6:20  SCV  
  64  6:32  SCV  
  65  6:41  Marine  
  65  6:42  Marine  
  65  6:44  SCV  
Show
View Real Time Build Order
Export as new Build Order

A.I. 1 (Elite) Protoss 

Build Orders:  

Get SALT Encoding   

  12  0:00  Probe  
  13  0:13  Probe  
  14  0:19  Pylon  
  14  0:25  Probe  
  15  0:34  Probe  
  15  0:42  Probe  
  16  0:47  Assimilator  
  17  0:50  Gateway  
  17  0:52  Probe  
  18  1:00  Probe  
  18  1:01  Pylon  
  19  1:08  Probe  
  19  1:18  Probe  
  21  1:30  Probe  
  22  1:40  Zealot  
  22  1:41  Cybernetics Core  
  22  1:42  Probe  
  25  1:59  Nexus  
  25  2:03  Probe  
  26  2:10  Stalker  
  26  2:15  Probe  
  27  2:17  Warp Gate  
  29  2:27  Probe  
  29  2:31  Pylon  
  29  2:39  Probe  
  29  2:51  Probe  
  29  2:53  Adept  
  29  2:55  Gateway  
  29  2:57  Assimilator  
  30  3:02  Probe  
  33  3:10  Probe  
  33  3:11  Probe  
  33  3:12  Pylon  
  34  3:18  Probe  
  34  3:19  Adept  
  35  3:23  Probe  
  38  3:30  Probe  
  39  3:35  Probe  
  39  3:36  Robotics Facility  
  40  3:42  Adept, Probe  
  40  3:47  Adept  
  40  3:48  Probe  
  44  3:54  Probe  
  47  4:00  Probe  
  48  4:06  Probe  
  48  4:08  Pylon  
  48  4:09  Probe  
  50  4:17  Probe  
  50  4:18  Probe  
  50  4:19  Adept  
  50  4:23  Stalker  
  56  4:25  Immortal  
  56  4:27  Probe  
  56  4:28  Pylon  
  56  4:30  Probe  
  62  4:39  Probe  
  62  4:40  Stalker  
  62  4:43  Robotics Facility, Probe  
  60  4:45  Adept  
  61  4:54  Probe  
  56  5:03  Adept  
  56  5:05  Adept  
  50  5:22  Gateway  
  50  5:23  Adept x2  
  50  5:25  Twilight Council  
  48  5:36  Stalker  
  48  5:41  Probe  
  50  5:43  Adept  
  50  5:44  Probe  
  47  5:56  Probe  
  35  5:58  Zealot  
  35  6:03  Stalker  
  35  6:06  Templar Archives  
  30  6:16  Stalker  
  30  6:19  Zealot  
  29  6:32  Zealot  
  27  6:50  Zealot  
Tags
 
League
Diamond
Matchup
PvT
Spawn Locations
Cross Positions
Add a new tag
Caveats
  • Supply blocks, unpowered buildings, or Contaminate may cause inaccurate times.
  • Supply counts are checked every 10 seconds.